 Dungeon Crawl Stone Soup version 0.29-a0-322-g68df515428 (webtiles) character file.

Game seed: 13813317481934957789

525 Morbidden the Slasher (level 7, -2/54 HPs)
             Began as a Demonspawn Gladiator on Apr 8, 2022.
             Succumbed to a water moccasin's poison
             ... on level 4 of the Dungeon.
             The game lasted 00:03:16 (4447 turns).

Morbidden the Slasher (Demonspawn Gladiator)        Turns: 4447, Time: 00:03:17

Health: -2/54      AC:  7    Str: 21    XL:     7   Next: 2%
Magic:  9/9        EV: 13    Int: 11    God:
Gold:   242        SH:  0    Dex: 18    Spells: 9/9 levels left

rFire   . . .      SeeInvis .   a - +6 long sword of Past Mistakes {vorpal, rC- rCorr Dex+4}
rCold   . . .      Faith    .   (no shield)
rNeg    . . .      Spirit   .   b - +0 leather armour
rPois   .          Reflect  .   c - +0 helmet
rElec   .          Harm     .   (no cloak)
rCorr   +          Rampage  .   (no gloves)
Will    .....                   l - +0 pair of boots
Stlth   ++........              (no amulet)
HPRegen 0.18/turn               i - ring of protection from cold
MPRegen 0.22/turn               r - +6 ring of strength

@: lethally poisoned (-2 -> -20)
A: rugged brown scales 2, magic regeneration
a: no special abilities


You were on level 4 of the Dungeon.
You visited 1 branch of the dungeon, and saw 5 of its levels.

You collected 242 gold pieces.

Inventory:

Hand Weapons
 a - the +6 long sword of Past Mistakes (weapon) {vorpal, rC- rCorr Dex+4}
   (You found it on level 2 of the Dungeon)

   It inflicts extra damage upon your enemies.
   Dex:       It affects your dexterity (+4).
   rC:        It makes you vulnerable to cold.
   rCorr:     It protects you from acid and corrosion.
 w - a +1 dagger of venom
Missiles
 d - 3 throwing nets (quivered)
 e - a javelin
Armour
 b - a +0 leather armour (worn)
 c - a +0 helmet (worn)
 l - a +0 pair of boots (worn)
Jewellery
 i - a ring of protection from cold (left hand)
 r - a +6 ring of strength (right hand)
 t - an amulet of reflection
 x - a ring of flight
 y - a ring of ice
Scrolls
 g - 3 scrolls of identify {unknown}
 j - 3 scrolls of immolation {unknown}
 k - 3 scrolls of teleportation {unknown}
 o - 3 scrolls of enchant armour {unknown}
 u - a scroll of noise {unknown}
 v - a scroll of holy word {unknown}
 z - a scroll of fog {unknown}
Potions
 f - 2 potions of attraction {unknown}
 h - a potion of invisibility {unknown}
 m - 3 potions of curing {unknown}
 n - 3 potions of brilliance {unknown}
 p - 2 potions of haste {unknown}
 s - a potion of ambrosia {unknown}


   Skills:
 * Level 3.3 Fighting
 * Level 5.2 Long Blades
 + Level 2.0 Throwing
 + Level 1.8 Armour
 * Level 3.8 Dodging
 + Level 1.1 Stealth
 * Level 1.5 Spellcasting


You had 9 spell levels left.
You didn't know any spells.
Your spell library was empty.

Dungeon Overview and Level Annotations

Branches:
Dungeon (5/15)
 Temple: D:4-7

Altars:
Vehumet
Wu Jian

Shops:
D:2 (


Innate Abilities, Weirdness & Mutations

You are mostly covered in rugged brown scales. (AC +2, +5% HP)
You regenerate magic rapidly.


Message History

Deactivating autopickup; reactivate with Ctrl-A.
The water moccasin bites you!
You hit the water moccasin but do no damage.
The water moccasin is heavily wounded.
You feel sick.
The water moccasin bites you but does no damage.
The water moccasin bites you.
You are more poisoned.
The water moccasin poisons you! Something hits you but does no damage.
You feel very sick. The water moccasin barely misses you.
Something hits you but does no damage.
You climb upwards.
Reactivating autopickup.
You feel very sick.
There is a stone staircase leading down here.
Unknown command.
Unknown command.
Unknown command.
You hit the water moccasin.
The water moccasin is heavily wounded.
You feel very sick. The water moccasin bites you.
You are lethally poisoned!
The water moccasin poisons you! Something hits you but does no damage.
Deactivating autopickup; reactivate with Ctrl-A.
The water moccasin bites you.
* * * LOW HITPOINT WARNING * * *
You hit the water moccasin.
You punch the water moccasin, but do no damage.
The water moccasin is severely wounded.
* * * LOW HITPOINT WARNING * * *
You feel very sick.
The water moccasin bites you but does no damage.
A sky beast appears from thin air!
Reactivating autopickup.
The sky beast hits you.
* * * LOW HITPOINT WARNING * * *
The sky beast shocks you.
* * * LOW HITPOINT WARNING * * *
It was a potion of magic.
Magic courses through your body.
You die...

#......# #.....#.....#######.
#......# #######'######.....#
#<.....# #.......'.....#
#......# #.......#.....#
#......# #.......#.....#
#......# #.......#.....#
#......####### #.......#.....#
#............#########...#.....#
#######.......S@Y....#####......
#..............#...#......
#..............#...#......
#..........<...#...#.....#
#############........##'##.....#
#......# #........#...#.)...#
#......# #........#...#.....#
#......# #.>......#...'.....#
#......# #........#...#.....#


You could see a water moccasin and a sky beast.

Vanquished Creatures
  An ice beast (D:5)
  An ogre (D:4)
  A scorpion (D:4)
  4 hounds
  A jelly (D:4)
  A gnoll (D:4)
  4 adders
  A shadow imp (D:4)
  A worm (D:2)
  2 dart slugs
  8 orcs
  4 endoplasms
  2 giant cockroaches
  7 goblins
  5 hobgoblins
  7 quokkas
  7 ball pythons
  4 bats
  4 frilled lizards
  9 kobolds
  6 rats
80 creatures vanquished.

Notes
Turn   | Place    | Note
-------+----------+-------------------------------------------
     0 | D:1      | Morbidden the Demonspawn Gladiator began the quest for the
                  | Orb.
     0 | D:1      | Reached XP level 1. HP: 16/16 MP: 1/1
   191 | D:1      | Found a faded altar of an unknown god.
   193 | D:1      | Gained mutation: You regenerate magic rapidly. [demonic
                  | ancestry]
   193 | D:1      | Reached XP level 2. HP: 22/22 MP: 2/2
   319 | D:1      | Reached skill level 3 in Long Blades
  1194 | D:2      | Reached XP level 3. HP: 19/27 MP: 3/3
  1203 | D:2      | Identified the +6 long sword of Past Mistakes {vorpal, rC-
                  | rCorr Dex+4}
  1348 | D:2      | Found Fuduro's Weapon Shop.
  2617 | D:4      | Noticed a scorpion
  2623 | D:4      | Killed a scorpion
  2624 | D:4      | Reached skill level 4 in Long Blades
  2624 | D:4      | Gained mutation: You are partially covered in rugged brown
                  | scales. (AC +1, +3% HP) [demonic ancestry]
  2624 | D:4      | Reached XP level 4. HP: 23/35 MP: 4/4
  2742 | D:4      | Found a radiant altar of Vehumet.
  2966 | D:4      | Noticed an ogre
  2967 | D:4      | Found an ornate altar of the Wu Jian Council.
  2974 | D:4      | Killed an ogre
  2975 | D:4      | Reached skill level 1 in Armour
  2975 | D:4      | Reached skill level 1 in Spellcasting
  2975 | D:4      | Reached XP level 5. HP: 16/40 MP: 4/6
  3367 | D:4      | Gained mutation: You are mostly covered in rugged brown
                  | scales. (AC +2, +5% HP) [demonic ancestry]
  3367 | D:4      | Reached XP level 6. HP: 37/48 MP: 7/7
  3470 | D:4      | Reached skill level 1 in Stealth
  3862 | D:5      | Entered Level 5 of the Dungeon
  3868 | D:5      | Noticed an ice beast
  3874 | D:5      | Reached skill level 5 in Long Blades
  3904 | D:5      | Killed an ice beast
  4189 | D:4      | Reached XP level 7. HP: 22/54 MP: 9/9
  4446 | D:4      | HP: 2/54 [sky beast (6)]
  4447 | D:4      | Succumbed to a water moccasin's poison

Illustrated notes

Levels and vault maps discovered:
D:1:      minmay_arrival_plants_in_alcoves, layout_loops_ring,
          dreamdust_ecumenical_altar_grove
D:2:      layout_basic, serial_shops, nicolae_shop_crystal
D:3:      layout_basic, minmay_crystal_room
D:4:      layout_gridville, amcnicky_altar_gilded, vehumet_crystals,
          cheibrodos_gnoll_hut
D:5:      layout_rooms, temple_pool_b, uniq_eustachio

Skill      XL: |  1  2  3  4  5  6 |
---------------+-------------------+-----
Throwing       | 2 |  2.0
Dodging        | 3 |  3.8
Long Blades    | 3 4 5 |  5.2
Armour         | 1 |  1.8
Spellcasting   | 1 |  1.5
Stealth        | 1 |  1.1
Fighting       | 3 |  3.3

Action                   |  1- 3 |  4- 6 |  7- 9 || total
-------------------------+-------+-------+-------++-------
Melee: Long sword        |   123 |    80 |     9 ||   212
       Punch             |     1 |     3 |     1 ||     5
  Use: Potion            |       |       |     1 ||     1
 Stab: Sleeping          |     3 |       |       ||     3
       Distracted        |     1 |       |       ||     1
Armor: Leather armour    |    38 |    31 |     5 ||    74
Dodge: Dodged            |    83 |    92 |     7 ||   182

Table legend: (Time is in decaauts)
 A = Elapsed time spent in this place.
 B = Non-inter-level travel time spent in this place.
 C = Inter-level travel time spent in this place.
 D = Time resting spent in this place.
 E = Time spent auto-exploring this place.
 F = Levels seen in this place.
 G = Mean time per level.
                   A        B        C        D        E       F      G
               +--------+--------+--------+--------+--------+-----+--------+
         Total |   4491 |   4364 |    127 |    490 |   3266 |   5 |  898.2 |
       Dungeon |   4491 |   4364 |    127 |    490 |   3266 |   5 |  898.2 |
               +--------+--------+--------+--------+--------+-----+--------+

Top non-repeatable levels by time:
     D:4: 1606 daAuts
     D:1: 1064 daAuts
     D:2: 896 daAuts
     D:3: 600 daAuts
     D:5: 324 daAuts
